 Dungeon Crawl Stone Soup version 0.25-a0-399-gcf1075a8b3 (webtiles) character file.

Game seed: 2894725104032989376, levelgen mode: deterministic

56 Klosterheim the Conjurer (level 3, -1/28 HPs)
             Began as a Draconian Conjurer on Jan 8, 2020.
             Splashed by Ijyb's acid (17 damage)
             ... on level 2 of the Dungeon.
             The game lasted 00:04:00 (1494 turns).

Klosterheim the Conjurer (Draconian Conjurer)       Turns: 1494, Time: 00:04:01

Health: -1/28      AC:  1    Str: 10    XL:     3   Next: 69%
Magic:  6/6        EV: 12    Int: 16    God:
Gold:   8          SH:  0    Dex: 11    Spells: 5/6 levels left

rFire    . . .     SeeInvis .   o - +2 dagger (freeze)
rCold    . . .     Gourm    .   (no shield)
rNeg     . . .     Faith    .   (armour unavailable)
rPois    +         Spirit   .   (helmet restricted)
rElec    .         Reflect  .   (no cloak)
rCorr    .         Harm     .   (no gloves)
MR       .....                  (no boots)
Stlth    ++........             (no amulet)
HPRegen  0.09/turn              l - ring of poison resistance
MPRegen  0.10/turn              (no ring)

@: corroded
A: unfitting armour, cold-blooded, AC +5
a: no special abilities


You were on level 2 of the Dungeon.
You were not hungry.

You visited 1 branch of the dungeon, and saw 2 of its levels.

You collected 8 gold pieces.

Inventory:

Hand Weapons
 o - a +2 dagger of freezing (weapon)
Jewellery
 l - a ring of poison resistance (left hand)
Scrolls
 a - a scroll of identify {unknown}
 e - a scroll of noise {unknown}
 f - a scroll of immolation {unknown}
 h - 2 scrolls of fear {unknown}
 j - a scroll of amnesia {unknown}
 k - a scroll of enchant weapon {unknown}
 m - 2 scrolls of magic mapping {unknown}
 n - 2 scrolls of remove curse {unknown}
Potions
 c - a potion of heal wounds {unknown}
 i - a potion of cancellation {unknown}
Comestibles
 b - 4 rations
 d - a chunk of flesh


   Skills:
 * Level 1.5 Fighting
 - Level 2.0 Dodging
 + Level 2.3 Stealth
 + Level 2.3 Spellcasting
 + Level 4.5 Conjurations


You had 5 spell levels left.
You knew the following spells:

 Your Spells              Type           Power        Failure   Level  Hunger
a - Magic Dart            Conj           ###.         3%          1    #......

Your spell library contained the following spells:

 Spells                   Type           Power        Failure   Level  Hunger
 Searing Ray              Conj           ###...       4%          2    ###....
 Dazzling Flash           Conj/Hex       #.....       24%         3    ###....
 Fulminant Prism          Conj/Hex       #.........   61%         4    #####..
 Iskenderun's Mystic Bla  Conj/Tloc      #.......     61%         4    #####..


Dungeon Overview and Level Annotations

Branches:
Dungeon (2/15)

Altars:
Elyvilon

Annotations:
D:2 Ijyb


Innate Abilities, Weirdness & Mutations

Your plain brown scales are hard. (AC +5)
You cannot fit into any form of body armour.
You are cold-blooded and may be slowed by cold attacks.


Message History

You kill the goblin!
Casting: Magic Dart (safe; 3% risk of failure)
Confirm with . or Enter, or press ? or * to list all spells.
Aiming: Magic Dart (safe; 3% risk of failure)
Press: ? - help, Shift-Dir - straight line, f/p - goblin
Aim: a goblin (severely wounded)
The magic dart hits the goblin.
You kill the goblin!
Ijyb drinks a potion.
Ijyb suddenly seems more resistant.
You climb upwards.
There is a stone staircase leading down here.
You start resting.
Eating one of 2 chunks of flesh.
You eat one of the 2 chunks of flesh.
This raw flesh tastes terrible.
Magic restored.
You climb downwards.
Level annotation: Ijyb Ijyb zaps a wand.
The bolt of acid hits you! The acid corrodes you!
You are splashed with acid!
Ouch! That really hurt!
You die...

#..) #.##. #.. .#
### #
#.################
#....@รท.g)g..8.8.8
###########..[....
.....gg .......
....... ....)..
..8.8.8 #######


You could see Ijyb and a goblin.

Vanquished Creatures
  2 gnolls (D:1)
  An adder (D:2)
  A dart slug (D:1)
  2 giant cockroaches (D:1)
  7 goblins
  A hobgoblin (D:2)
  6 jackals (D:1)
  2 ball pythons (D:1)
  2 kobolds (D:1)
  3 rats
27 creatures vanquished.

Notes
Turn   | Place    | Note
-------+----------+-------------------------------------------
     0 | D:1      | Klosterheim the Draconian Conjurer began the quest for the
                  | Orb.
     0 | D:1      | Reached XP level 1. HP: 14/14 MP: 3/3
   259 | D:1      | Reached XP level 2. HP: 20/20 MP: 1/5
   861 | D:1      | Reached XP level 3. HP: 16/27 MP: 0/6
  1020 | D:1      | Reached skill level 1 in Fighting
  1209 | D:2      | Found a white marble altar of Elyvilon.
  1436 | D:2      | Noticed Ijyb
  1494 | D:2      | Splashed by Ijyb's acid

Levels and vault maps discovered:
D:1:      dpeg_arrival_rhombus, layout_loops_ring
D:2:      kennysheep_the_goblin_king, layout_loops_ring, minitemple,
          lemuel_doored_altar, first_ration, minmay_hedge_maze

Skill      XL: |  1  2  3 |
---------------+----------+-----
Stealth        | 2 |  2.3
Dodging        | 2 |  2.0
Fighting       | 1 |  1.5
Spellcasting   | |  2.3
Conjurations   | |  4.5

Action                   || total
-------------------------++-------
Melee: Unarmed           ||    17
       Tailslap          ||     5
       Short sword       ||     7
       Dagger            ||     2
 Cast: Magic Dart        ||    60
 Stab: Sleeping          ||     1
  Eat: Chunk             ||     3
Armor: Skin              ||    11
Dodge: Dodged            ||    25

Table legend:
 A = Non-vault XP
 B = Vault XP
 C = Vault XP percentage of total XP
 D = Non-vault monster count
 E = Vault monster count
 F = Vault count percentage of total count
                 A         B        C        D         E       F
            +---------+---------+-------+---------+---------+-------
      Total |      76 |       4 |   5.0 |      24 |       3 |  11.1
            +---------+---------+-------+---------+---------+-------
        D:1 |      58 |       0 |   0.0 |      20 |       0 |   0.0
        D:2 |      18 |       4 |  18.2 |       4 |       3 |  42.9
            +---------+---------+-------+---------+---------+-------
